 Dungeon Crawl Stone Soup version 0.21-a0-480-g5da0f0d (webtiles) character file.

14095 vladimirx the Grappler (level 11, -2/101 HPs)
             Began as a Troll Berserker on Nov 22, 2017.
             Was an Elder of Trog.
             Slain by a five-headed hydra (4 damage)
             ... on level 12 of the Dungeon.
             The game lasted 00:19:53 (10689 turns).

vladimirx the Grappler (Troll Berserker)           Turns: 10689, Time: 00:19:53

Health: -2/101     AC:  8    Str: 29    XL:     11   Next: 84%
Magic:  10/10      EV: 10    Int:  4    God:    Trog [****..]
Gold:   612        SH:  9    Dex: 11    Spells: 10/10 levels left

rFire    + . .     SeeInvis .     - Unarmed
rCold    . . .     Gourm    +   w - +0 shield
rNeg     . . .     Faith    .   a - +1 animal skin
rPois    .         Spirit   .   (helmet restricted)
rElec    .         Reflect  .   (no cloak)
rCorr    .         Harm     .   (gloves unavailable)
MR       .....                  (boots unavailable)
Stlth    ++........             (no amulet)
HPRegen  0.66/turn              G - +2 ring of protection
MPRegen  0.12/turn              e - +2 ring of dexterity

@: berserk cooldown, hasted and slowed, drained
A: large, unfitting armour, claws 3, fire resistance 1, fast metabolism 3,
gourmand, mutation resistance 1, regeneration 1, shaggy fur 1, tough skin 2
a: Berserk, Trog's Hand, Brothers in Arms, Burn Spellbooks, Renounce Religion


You were on level 12 of the Dungeon.
You worshipped Trog.
Trog was greatly pleased with you.
You were full.

You visited 1 branch of the dungeon, and saw 13 of its levels.
You also visited: Sewer.

You collected 815 gold pieces.
You spent 203 gold pieces at shops.

Inventory:

Missiles
 h - 188 stones
 r - 17 tomahawks
 s - 9 large rocks (quivered)
Armour
 a - a +1 animal skin (worn)
 w - a +0 shield (worn)
 C - a +0 cloak
Jewellery
 e - a +2 ring of dexterity (right claw)
 i - an uncursed ring of wizardry {unknown}
 G - a +2 ring of protection (left claw)
Wands
 y - a wand of iceblast (7)
 H - a wand of enslavement (21)
 I - a wand of flame (27)
 K - a wand of disintegration (7)
 L - a wand of random effects (20)
Scrolls
 d - 5 scrolls of teleportation
 j - 2 scrolls of identify
 k - 6 scrolls of remove curse
 n - a scroll of immolation
 p - 4 scrolls of enchant armour
 q - 4 scrolls of enchant weapon
 t - 2 scrolls of random uselessness
 u - a scroll of fog {unknown}
 D - a scroll of acquirement {unknown}
 E - a scroll of blinking {unknown}
 F - a scroll of amnesia
 J - a scroll of fear
Potions
 f - 3 potions of flight
 l - a potion of magic {unknown}
 m - a potion of heal wounds {unknown}
 o - a potion of curing
 v - a potion of haste
 z - a potion of invisibility {unknown}
 A - 2 potions of lignification {unknown}
 B - 2 potions of brilliance {unknown}
Comestibles
 b - 12 bread rations
 c - 4 fruits
 g - 10 meat rations


   Skills:
 - Level 4.3(3.8) Fighting
 + Level 5.3(4.7) Throwing
 - Level 5.9(5.4) Dodging
 - Level 2.8(2.3) Stealth
 - Level 3.5(2.9) Shields
 - Level 14.8(14.0) Unarmed Combat
 - Level 0.4(0.0) Evocations


You had 10 spell levels left.
You didn't know any spells.

Dungeon Overview and Level Annotations

Branches:
Dungeon (13/15)            Temple (0/1) D:4            Lair (0/6) D:11
    Orc: D:9-12      Vaults: D:13-14

Altars:
Ashenzari
Fedhas
Hepliaklqana
Kikubaaqudgha
Nemelex Xobeh
Okawaru
Qazlal
Ru
Trog
Uskayaw
Vehumet
Wu Jian
Xom
The Shining One

Shops:
D:5 [   D:10 [   D:11 (*(

Annotations:
D:6 exclusion: oklob plant


Innate Abilities, Weirdness & Mutations

You are too large for most types of armour.
You have claws for hands.
Your metabolism is lightning-fast.
You like to eat raw meat.
Your natural rate of healing is unusually fast.
You are covered in fur. (AC +1)
You have very tough skin. (AC +2)
Your flesh is heat resistant. (rF+)
You are somewhat resistant to further mutation.


Message History

* * * LOW HITPOINT WARNING * * *
You block something's attack.
You feel better. Something hits you.
* * * LOW HITPOINT WARNING * * *
Something bites you.
* * * LOW HITPOINT WARNING * * *
Something draws strength from your injuries!
The deep elf mage gestures wildly while chanting.
The deep elf mage blinks!
Your two-headed ogre goes berserk!
You feel quite a bit less full. Trog will no longer gift you weapons.
Something hits you!
* * * LOW HITPOINT WARNING * * *
Something bites you!
* * * LOW HITPOINT WARNING * * *
Something draws strength from your injuries!
The five-headed hydra barely misses you.
The five-headed hydra bites you.
You die...

#........##
#........#
#########..
.###### ###.(.
#$.# ##.# # #.D#
#### #@## !##...
#O# ......
#########(#
....(.
#.........####..$
.H....
.#...<........#
......
.....##########.#
...... ...#
...... . ..O...
Z#####


You could see a five-headed hydra and a friendly two-headed ogre (berserk).

Vanquished Creatures
  The ghost of kylix the Grappler, a novice TrCK of Xom (D:11)
  2 two-headed ogres
  A tengu warrior (D:11)
  An unseen horror (D:13)
  Pikel (D:5)
  2 slime creatures (D:11)
  A cyclops (D:11)
  Maurice (D:8)
  Psyche (D:10)
  A tengu conjurer (D:11)
  2 trolls (D:13)
  3 hippogriffs
  A spriggan (D:10)
  The ghost of vladimirx the Ruffian, an amateur TrBe of Trog (D:4)
  A wyvern (D:8)
  A shadow (D:11)
  The ghost of marriedatthemol the Skirmisher, an amateur MiBe of Trog (D:3)
  6 yaks
  A hungry ghost (D:9)
  A water moccasin (D:10)
  Duvessa (D:7)
  Purgy (Sewer)
  3 sky beasts
  4 ice beasts
  A slave (D:5)
  3 orc warriors
  2 phantoms
  An eye of draining (D:13)
  3 centaurs
  2 ogres
  A big kobold (D:7)
  10 bullfrogs
  Dowan (D:7)
  A gnoll sergeant (D:6)
  2 scorpions
  14 killer bees
  4 wights (D:7)
  3 howler monkeys (D:9)
  A crimson imp (D:6)
  2 bullfrog zombies
  3 bullfrog skeletons
  5 hounds
  4 jellies
  2 quasits
  7 orc priests
  9 orc wizards
  3 iguanas
  14 worker ants
  2 hound skeletons (D:6)
  5 gnolls (D:6)
  2 river rats (D:4)
  11 adders
  A howler monkey skeleton (D:9)
  3 adder skeletons
  5 worms
  6 leopard geckos
  38 orcs
  6 giant cockroaches
  9 goblins
  3 hobgoblins
  11 jackals
  12 kobolds
  6 quokkas
  5 ball pythons
  14 bats
  3 frilled lizards
  A leopard gecko skeleton (D:9)
  4 rats
  A plant (D:6)
285 creatures vanquished.

Vanquished Creatures (collateral kills)
  A hydra (D:11)
  6 centaurs (D:11)
  A wyvern skeleton (D:11)
  A bullfrog skeleton (D:11)
9 creatures vanquished.

Vanquished Creatures (others)
  An adder zombie (D:5)
  A plant (D:5)
2 creatures vanquished.

Grand Total: 296 creatures vanquished

Notes
Turn   | Place    | Note
-------+----------+-------------------------------------------
     0 | D:1      | vladimirx the Troll Berserker began the quest for the Orb.
     0 | D:1      | Reached XP level 1. HP: 22/22 MP: 0/0
   199 | D:1      | Reached XP level 2. HP: 28/29 MP: 1/1
   684 | D:2      | Reached ** piety under Trog
   703 | D:2      | Reached XP level 3. HP: 25/36 MP: 2/2
  1010 | D:2      | Reached skill level 4 in Unarmed Combat
  1463 | D:3      | Reached XP level 4. HP: 28/44 MP: 3/3
  1847 | D:3      | Reached *** piety under Trog
  1857 | D:3      | Noticed marriedatthemol's ghost (amateur MiBe)
  1867 | D:3      | Killed marriedatthemol's ghost
  1867 | D:3      | Reached skill level 5 in Unarmed Combat
  1867 | D:3      | Reached XP level 5. HP: 53/53 MP: 4/4
  1867 | D:3      | Reached XP level 6. HP: 61/61 MP: 5/5
  2162 | D:4      | Found a radiant altar of Vehumet.
  2191 | D:4      | Reached skill level 6 in Unarmed Combat
  2278 | D:4      | Found a sacrificial altar of Ru.
  2584 | D:4      | Found an ornate altar of the Wu Jian Council.
  2603 | D:4      | Found a staircase to the Ecumenical Temple.
  2604 | D:4      | Noticed vladimirx's ghost (amateur TrBe)
  2613 | D:4      | Killed vladimirx's ghost
  2733 | D:4      | Reached XP level 7. HP: 62/67 MP: 6/6
  2744 | D:4      | Found a glowing drain.
  2750 | Sewer    | Entered a sewer
  2803 | Sewer    | Got a crystal scythe
  2843 | Sewer    | Noticed Purgy
  2851 | Sewer    | Killed Purgy
  2851 | Sewer    | Reached skill level 7 in Unarmed Combat
  3401 | D:5      | Entered Level 5 of the Dungeon
  3447 | D:5      | Found Umaogrit's Antique Armour Emporium.
  3455 | D:5      | Bought a shield for 148 gold pieces
  3723 | D:5      | Reached skill level 1 in Stealth
  3786 | D:5      | Noticed Pikel
  3807 | D:5      | Killed Pikel
  3807 | D:5      | Reached skill level 8 in Unarmed Combat
  3807 | D:5      | Reached XP level 8. HP: 71/75 MP: 7/7
  3866 | D:5      | Reached skill level 9 in Unarmed Combat
  3874 | D:5      | Found a shattered altar of Ashenzari.
  4452 | D:6      | Found a sparkling altar of Nemelex Xobeh.
  4577 | D:6      | Reached **** piety under Trog
  4630 | D:6      | Reached skill level 10 in Unarmed Combat
  4876 | D:6      | Found a blossoming altar of Fedhas.
  4887 | D:6      | Noticed an oklob plant
  5021 | D:6      | Reached XP level 9. HP: 74/83 MP: 8/8
  5141 | D:6      | Reached skill level 1 in Shields
  5742 | D:7      | Noticed Duvessa
  5751 | D:7      | Killed Duvessa
  5752 | D:7      | Reached skill level 11 in Unarmed Combat
  5754 | D:7      | Noticed Dowan
  5756 | D:7      | Killed Dowan
  6241 | D:7      | Found a hazy altar of Hepliaklqana.
  6719 | D:8      | Reached ***** piety under Trog
  6756 | D:8      | Reached skill level 12 in Unarmed Combat
  6801 | D:8      | Reached XP level 10. HP: 29/92 MP: 9/9
  7038 | D:8      | Reached skill level 5 in Dodging
  7099 | D:8      | Found a blossoming altar of Fedhas.
  7099 | D:8      | Found a hide-covered altar of Uskayaw.
  7100 | D:8      | Found an iron altar of Okawaru.
  7220 | D:8      | Noticed Maurice
  7240 | D:8      | Killed Maurice
  7293 | D:8      | Found an ancient bone altar of Kikubaaqudgha.
  7314 | D:8      | Found a bloodstained altar of Trog.
  7619 | D:9      | Received a gift from Trog
  8075 | D:9      | Reached skill level 13 in Unarmed Combat
  8117 | D:9      | Found a glowing golden altar of the Shining One.
  8208 | D:9      | Found a shimmering altar of Xom.
  8314 | D:9      | Noticed a two-headed ogre
  8324 | D:9      | Killed a two-headed ogre
  8455 | D:10     | Entered Level 10 of the Dungeon
  8641 | D:10     | Found Gohueffa's Antique Armour Emporium.
  8687 | D:10     | Found a stormy altar of Qazlal.
  8719 | D:10     | You fall through a shaft for 3 floors!
  8904 | D:13     | Killed an unseen horror
  8904 | D:13     | Reached XP level 11. HP: 100/100 MP: 10/10
  8976 | D:13     | Reached skill level 14 in Unarmed Combat
  8989 | D:12     | Noticed a five-headed hydra
  8991 | D:12     | Noticed a deep elf mage
  8994 | D:12     | Noticed a two-headed ogre
  8995 | D:12     | Gained mutation: Your flesh is heat resistant. (rF+) [potion of mutation]
  8995 | D:12     | Gained mutation: You are somewhat resistant to further mutation. [potion of mutation]
  9025 | D:11     | Noticed a four-headed hydra
  9049 | D:11     | Killed a four-headed hydra
  9052 | D:11     | Found Durob's Weapon Shop.
  9532 | D:11     | Found Vineahos's Antique Weapon Emporium.
  9546 | D:11     | Found Vumesic's General Store.
  9555 | D:11     | Bought a bread ration for 55 gold pieces
  9577 | D:11     | Noticed kylix's ghost (novice TrCK)
  9585 | D:11     | Killed kylix's ghost
  9791 | D:11     | Reached skill level 1 in Throwing
  9861 | D:11     | Found a staircase to the Lair.
  9924 | D:11     | Noticed a tengu warrior
  9950 | D:11     | Killed a tengu warrior
 10241 | D:10     | Noticed Psyche
 10245 | D:10     | Killed Psyche
 10655 | D:12     | Noticed a two-headed ogre
 10675 | D:12     | Noticed a deep elf mage
 10676 | D:12     | Killed a two-headed ogre
 10676 | D:12     | Reached skill level 5 in Throwing
 10689 | D:12     | HP: 2/101 [something (9)]
 10689 | D:12     | Slain by a five-headed hydra

Vault maps used:
D:1:      sevenhm_arrival_forest_fort_large_3
D:2:      minmay_octomino_e4
D:3:      first_bread
D:4:      overflow_temple_1_default, kennysheep_mini, kennysheep_little_box,
          minmay_temple_entry_hall, portal_sewer_entry_e
D:5:      ashenzari_conservatory_becter, serial_bayou, serial_bayou_lagoon_a,
          serial_bayou_pond_e, serial_bayou_shore_b, serial_bayou_lake_a,
          serial_shops, shop, uniq_pikel
D:6:      nicolae_overflow_crystal_walls, tgw_fedhas
D:7:      old_standard_altar, uniq_duvessa
D:8:      nicolae_overflow_hidden_temple, kiku_gazebo_garden_becter,
          lightli_temple_of_fire, uniq_maurice
D:9:      xom_butterflies, kennysheep_mini_moat, st_stairs_14
D:10:     serial_shops, shop, basic_altar, the_bakery, uniq_psyche
D:11:     lair_entry_dummy, serial_shops, nicolae_shop_stone, shop,
          nicolae_shop_trees, hangedman_glass_teeth
D:12:     orc_0_dummy
Sewer:    kennysheep_door_sewer

Skill      XL: |  1  2  3  4  5  6  7  8  9 10 11 |
---------------+----------------------------------+-----
Unarmed Combat | 4 5 6 8 10 12 13 14 | 14.8
Dodging        | 3 4 5 |  5.9
Fighting       | 3 4 |  4.3
Stealth        | 1 2 |  2.8
Shields        | 2 3 |  3.5
Throwing       | 5 |  5.3
Evocations     | |  0.4

Action                   |  1- 3 |  4- 6 |  7- 9 | 10-12 || total
-------------------------+-------+-------+-------+-------++-------
Melee: Unarmed           |    92 |    87 |   352 |   314 ||   845
       Punch             |     1 |     3 |     2 |       ||     6
Throw: Large rock        |       |       |       |    15 ||    15
Invok: Berserk           |     1 |     2 |     7 |    10 ||    20
       Trog's Hand       |       |     1 |     1 |     1 ||     3
       Burn Spellbooks   |       |     1 |       |     1 ||     2
       Brothers in Arms  |       |       |       |     4 ||     4
Evoke: Wand              |       |       |       |     5 ||     5
  Use: Scroll            |       |     6 |     4 |     8 ||    18
       Potion            |       |       |       |     8 ||     8
 Stab: Sleeping          |       |       |     9 |     2 ||    11
  Eat: Chunk             |    18 |    12 |    47 |    44 ||   121
       Royal jelly       |       |       |       |     2 ||     2
       Bread ration      |       |       |       |     1 ||     1
Armor: Animal skin       |    43 |    40 |    95 |    80 ||   258
Dodge: Dodged            |    74 |    42 |   119 |    93 ||   328
Block: Shield            |       |       |    84 |   101 ||   185

Table legend:
 A = Spawn XP
 B = Non-spawn XP
 C = Spawn XP percentage of total XP
 D = Spawn monster count
 E = Non-spawn monster count
 F = Spawn count percentage of total count
 G = Total turns spent on level
                    A         B        C        D         E        F      G
               +---------+---------+-------+---------+---------+-------+---------
         Total |       0 |   20136 |   0.0 |       0 |     292 |   0.0 | 10689
               +---------+---------+-------+---------+---------+-------+---------
           D:1 |       0 |      35 |   0.0 |       0 |      21 |   0.0 |   656
           D:2 |       0 |      56 |   0.0 |       0 |      20 |   0.0 |   789
           D:3 |       0 |     333 |   0.0 |       0 |      30 |   0.0 |   716
           D:4 |       0 |     345 |   0.0 |       0 |      15 |   0.0 |  1068
           D:5 |       0 |    1069 |   0.0 |       0 |      15 |   0.0 |   961
           D:6 |       0 |    1034 |   0.0 |       0 |      28 |   0.0 |  1092
           D:7 |       0 |    2093 |   0.0 |       0 |      45 |   0.0 |  1205
           D:8 |       0 |    1763 |   0.0 |       0 |      31 |   0.0 |   954
           D:9 |       0 |    2488 |   0.0 |       0 |      27 |   0.0 |   842
          D:10 |       0 |     844 |   0.0 |       0 |       4 |   0.0 |   668
          D:11 |       0 |    6235 |   0.0 |       0 |      36 |   0.0 |  1242
          D:12 |       0 |    1355 |   0.0 |       0 |       5 |   0.0 |    54
          D:13 |       0 |    2336 |   0.0 |       0 |       9 |   0.0 |   270
         Sewer |       0 |     150 |   0.0 |       0 |       6 |   0.0 |   172
               +---------+---------+-------+---------+---------+-------+---------
